[Event "fics rated crazyhouse match"]
[Site "fics, Oklahoma City, OK USA"]
[Date "2000.04.01"]
[White "jtp"]
[WhiteElo "2271"]
[Black "venomous"]
[BlackElo "2492"]
[TimeControl "180+0"]
[Result "0-1"]

1. e4 e6 2. d4 d5 3. exd5 exd5 4. Nc3 Bb4 5. Bb5+ Bd7 6. Qe2+ 
Qe7 7. P@e5 Bxc3+ 8. bxc3 N@h4 9. f3 Bxb5 10. Qxb5+ Nc6 11. B@h3 B@a6 
12. B@d7+ Kf8 13. Bxc6 Bxb5 14. Bxb5 Q@a5 15. B@b4 Qexb4 16. cxb4 Qxb4+ 17. Kf2 
B@e1+ 18. Kf1 Qxb5+ 19. Kxe1 B@c3+ 20. B@d2 P@b2 21. N@d7+ Qxd7 22. Bxc3 bxa1=Q 
23. Bxa1 P@g4 24. Bxg4 Nxg2+ 25. Kf2 P@e3+ 26. Bxe3 Nxe3 27. Bxd7 N@d1+ 28. Ke1 
R@f1+ 29. Kd2 Nc4+ 30. Kc1 Nc3# 
{jtp resigns} 0-1

[Event "fics rated crazyhouse match"]
[Site "fics, Oklahoma City, OK USA"]
[Date "2000.04.01"]
[White "venomous"]
[WhiteElo "2496"]
[Black "jtp"]
[BlackElo "2267"]
[TimeControl "180+0"]
[Result "1-0"]

1. e4 Nf6 2. Nc3 d5 3. exd5 Nxd5 4. Bc4 e6 5. Nh3 Nc6 6. O-O 
Ndb4 7. a3 P@d5 8. Bb5 a6 9. Be2 Nxc2 10. Qxc2 Nd4 11. Qd3 Nxe2+ 
12. Qxe2 d4 13. d3 dxc3 14. bxc3 B@c6 15. N@e5 Bxg2 16. Kxg2 Bd6 17. B@g5 
P@f6 18. N@h5 fxg5 19. Nxg7+ Kf8 20. Bxg5 B@f6 21. Bh6 Rg8 22. Ng4 Bxg7 
23. Bxg7+ Rxg7 24. P@g3 N@f5 25. B@g5 B@c6+ 26. P@e4 Rxg5 27. Nxg5 Qxg5 28. R@h3 
N@h4+ 29. gxh4 Nxh4+ 30. Rxh4 N@f4+ 31. Kf3 B@g2+ 32. Ke3 Nd5+ 33. Kd4 e5+ 
34. Kc4 Qxh4 35. P@g7+ Kxg7 36. P@f6+ Nxf6 37. Nxf6 Bb5+ 38. Kb3 P@a4+ 39. Ka2 
P@b3+ 40. Kb2 Qxf6 41. N@h5+ Kf8 42. Nxf6 
{jtp forfeits on time} 1-0

[Event "fics rated crazyhouse match"]
[Site "fics, Oklahoma City, OK USA"]
[Date "2000.04.01"]
[White "jtp"]
[WhiteElo "2264"]
[Black "venomous"]
[BlackElo "2499"]
[TimeControl "180+0"]
[Result "0-1"]

1. e4 e6 2. d4 Nc6 3. d5 exd5 4. exd5 Qe7+ 5. Be2 Nb4 6. a3 
P@d3 7. axb4 dxe2 8. Qxe2 Nf6 9. N@b5 Qxe2+ 10. Nxe2 Bxb4+ 11. P@c3 Bd6 
12. Nxd6+ cxd6 13. B@g5 B@b6 14. Bxf6 gxf6 15. N@g7+ Kd8 16. P@e7+ Kc7 17. e8=N+ 
Kb8 18. Bf4 Bxf2+ 19. Kxf2 N@e4+ 20. Ke1 P@f2+ 21. Kd1 Q@e1+ 22. Rxe1 fxe1=Q+ 
23. Kxe1 P@f2# 
{jtp resigns} 0-1

[Event "fics rated crazyhouse match"]
[Site "fics, Oklahoma City, OK USA"]
[Date "2000.09.17"]
[White "LINDEGREN"]
[WhiteElo "2367"]
[Black "Burgsvik"]
[BlackElo "2230"]
[TimeControl "120+0"]
[Result "0-1"]

1. e4 e6 2. Nc3 Bb4 3. d4 Nc6 4. Nf3 Nf6 5. Bd3 d6 6. O-O 
h6 7. Ne2 e5 8. d5 Ne7 9. Ng3 Ba5 10. c4 Bb6 11. Qe2 Bg4 
12. Be3 Bxf3 13. Qxf3 Ng6 14. Nf5 Kf8 15. Bxh6 Rxh6 16. Nxh6 gxh6 17. B@f5 
N@g5 18. Qg3 Nf4 19. Qh4 N@f3+ 20. Kh1 Nxh4 21. R@h8+ B@g8 22. P@g3 Nhxg2 
23. f3 P@h3 24. gxf4 Nxf4 
{LINDEGREN resigns} 0-1

[Event "fics rated crazyhouse match"]
[Site "fics, Oklahoma City, OK USA"]
[Date "2000.09.17"]
[White "Burgsvik"]
[WhiteElo "2241"]
[Black "LINDEGREN"]
[BlackElo "2356"]
[TimeControl "120+0"]
[Result "1-0"]

1. e4 Nf6 2. Nc3 Nc6 3. d4 d5 4. exd5 Nxd5 5. Nf3 e6 6. Nxd5 
exd5 7. Bb5 Bb4+ 8. Bd2 Qe7+ 9. P@e5 Bxd2+ 10. Qxd2 N@e4 11. Qe2 B@h5 
12. N@g3 Bxf3 13. Qxf3 N@g5 14. Qe2 Bd7 15. Bxc6 bxc6 16. N@f5 Nxg3 17. Nxg7+ 
Kf8 18. hxg3 f6 19. Nh5 P@g7 20. B@c5 B@d6 21. exd6 Qxe2+ 22. Kxe2 cxd6 
23. Bxd6+ Kg8 24. N@e7+ Kf7 25. B@d3 P@e4 26. Bxe4 Nxe4 27. B@e3 B@g4+ 28. P@f3 
Bxh5 29. Rxh5 N@c3+ 30. bxc3 Nxc3+ 31. Kf1 P@e2+ 32. Kg1 Q@d1+ 33. Q@e1 Qxe1+ 
34. Rxe1 Q@d1 35. Q@d2 Qxd2 36. Bxd2 Q@f1+ 37. Rxf1 exf1=Q+ 38. Kxf1 R@d1+ 39. B@e1 
N@g6 40. Nxg6 hxg6 41. Q@e7+ Kg8 42. Rxh8+ Kxh8 43. N@f7+ Kh7 44. N@g5+ fxg5 
45. Nxg5+ Kh6 46. Q@h7# 
{LINDEGREN checkmated} 1-0

[Event "fics rated crazyhouse match"]
[Site "fics, Oklahoma City, OK USA"]
[Date "2000.09.17"]
[White "LINDEGREN"]
[WhiteElo "2345"]
[Black "Burgsvik"]
[BlackElo "2252"]
[TimeControl "120+0"]
[Result "1-0"]

1. e4 e6 2. Nf3 Nf6 3. Nc3 Bb4 4. e5 Nd5 5. Nxd5 exd5 6. a3 
Ba5 7. b4 Bb6 8. d4 a5 9. Bd2 N@e4 10. Bd3 axb4 11. Bxb4 d6 
12. N@h5 Rg8 13. Bxe4 dxe4 14. N@f6+ gxf6 15. Nxf6+ Qxf6 16. exf6 Nc6 17. P@g7 
exf3 18. P@e7 Be6 19. Qxf3 N@g5 20. Qe3 Bxd4 21. Qxg5 Bxf2+ 22. Kf1 B@e3 
23. Qb5 N@d4 24. Q@f8+ Kd7 25. Qxa8 Rxa8 26. N@f8+ Ke8 27. R@d8+ Rxd8 28. exd8=Q+ 
Kxd8 29. P@e7+ Kc8 30. R@e8+ N@d8 31. exd8=Q+ Nxd8 32. N@e7+ Kb8 33. Rxd8+ R@c8 
34. Nxc8 Bxc8 35. Rxc8+ Kxc8 36. B@d7+ Kb8 37. R@c8+ Ka7 38. Bc5+ P@b6 39. Bxb6+ 
cxb6 40. N@c7 Q@a6 41. Ra8# 
{Burgsvik checkmated} 1-0

[Event "fics rated crazyhouse match"]
[Site "fics, Oklahoma City, OK USA"]
[Date "2000.09.17"]
[White "Burgsvik"]
[WhiteElo "2246"]
[Black "LINDEGREN"]
[BlackElo "2351"]
[TimeControl "120+0"]
[Result "1-0"]

1. e4 Nf6 2. Nc3 Nc6 3. d4 d5 4. e5 Ne4 5. Bb5 e6 6. Nf3 
Bb4 7. Bd2 Bxc3 8. bxc3 Nxd2 9. Qxd2 N@e4 10. Qe3 B@h6 11. B@f4 Bxf4 
12. Qxf4 B@h6 13. Qg4 O-O 14. Bxc6 bxc6 15. O-O f5 16. exf6 Nxf6 17. Qh4 
P@g5 18. Nxg5 Bxg5 19. Qxg5 B@h6 20. Qh4 N@e2+ 21. Kh1 Nxc3 22. P@g5 Nfe4 
23. P@g6 hxg6 24. N@e5 P@h7 25. B@f7+ Kh8 26. Bxg6 Nxg5 27. Qxg5 P@f7 28. Bxf7 
Qxg5 29. N@g6+ hxg6 30. Nxg6+ Qxg6 31. Bxg6 N@g5 32. P@h7 P@h3 33. N@f7+ Nxf7 
34. Q@g8+ Rxg8 35. hxg8=Q+ Kxg8 36. P@h7+ Kf8 37. R@g8+ Ke7 38. B@c5+ P@d6 39. Re8# 
{LINDEGREN forfeits on time} 1-0

[Event "fics rated crazyhouse match"]
[Site "fics, Oklahoma City, OK USA"]
[Date "2000.09.17"]
[White "LINDEGREN"]
[WhiteElo "2341"]
[Black "Burgsvik"]
[BlackElo "2256"]
[TimeControl "120+0"]
[Result "1-0"]

1. e4 e6 2. Nc3 Nf6 3. e5 Nd5 4. Nxd5 exd5 5. d4 d6 6. Nf3 
Nc6 7. Bb5 Bg4 8. Qe2 dxe5 9. Qxe5+ P@e6 10. P@a6 N@d7 11. Qe3 Bxf3 
12. axb7 Nxd4 13. Bxd7+ Kxd7 14. N@e5+ Ke8 15. P@d7+ Qxd7 16. bxa8=Q+ B@c8 17. Qxd4 
Bxg2 18. R@b8 N@d6 19. Nxd7 Kxd7 20. N@e5+ Ke7 21. Bg5+ f6 22. N@c6# 
{Burgsvik resigns} 1-0

[Event "fics rated crazyhouse match"]
[Site "fics, Oklahoma City, OK USA"]
[Date "2000.09.17"]
[White "Burgsvik"]
[WhiteElo "2250"]
[Black "LINDEGREN"]
[BlackElo "2347"]
[TimeControl "120+0"]
[Result "0-1"]

1. e4 Nf6 2. Nc3 Nc6 3. d4 d5 4. exd5 Nxd5 5. Bc4 e6 6. Bxd5 
exd5 7. Nf3 Bb4 8. O-O Bxc3 9. bxc3 B@h5 10. Ba3 P@d6 11. Qe1+ N@e4 
12. N@g5 O-O 13. P@d3 Nxg5 14. Nxg5 Qxg5 15. f4 Qg6 16. N@h4 Qg4 17. B@f3 
Qd7 18. Bxh5 N@f6 19. B@f5 Qxf5 20. Nxf5 Bxf5 21. Rb1 Nxh5 22. Rxb7 Rae8 
23. P@e5 B@g4 24. Rxc7 N@e2+ 25. Kh1 N@g3+ 26. hxg3 Nhxg3+ 27. Kh2 Nxf1+ 28. Qxf1 
P@g3+ 29. Kh1 R@h2# 
{Burgsvik checkmated} 0-1

[Event "fics rated crazyhouse match"]
[Site "fics, Oklahoma City, OK USA"]
[Date "2000.09.17"]
[White "LINDEGREN"]
[WhiteElo "2353"]
[Black "Burgsvik"]
[BlackElo "2244"]
[TimeControl "120+0"]
[Result "1-0"]

1. e4 e6 2. Nc3 Nf6 3. e5 Nd5 4. Nxd5 exd5 5. d4 d6 6. Nf3 
Nc6 7. Bb5 a6 8. Bxc6+ bxc6 9. Qe2 dxe5 10. Nxe5 Qe7 11. Be3 B@b5 
12. P@d3 f6 13. N@c3 fxe5 14. Nxb5 axb5 15. dxe5 P@f7 16. P@f6 gxf6 17. exf6 
Qe6 18. P@g7 Bxg7 19. fxg7 Rg8 20. B@h3 P@f5 21. N@d4 Qg6 22. B@h5 Qxg7 
23. Nxf5 Qxb2 24. Bd4+ P@e4 25. Bxb2 Bxf5 26. Bxf5 P@g6 27. Q@d7+ Kf8 28. B@h6+ 
Rg7 29. P@e7+ Kg8 30. e8=Q+ Rxe8 31. Qxe8+ N@f8 32. R@h8+ Kxh8 33. Bhxg7+ Kg8 
34. Qxf8# 
{Burgsvik checkmated} 1-0

[Event "fics rated crazyhouse match"]
[Site "fics, Oklahoma City, OK USA"]
[Date "2000.09.17"]
[White "Burgsvik"]
[WhiteElo "2238"]
[Black "LINDEGREN"]
[BlackElo "2359"]
[TimeControl "120+0"]
[Result "1-0"]

1. e4 Nf6 2. Nc3 Nc6 3. d4 d5 4. exd5 Nxd5 5. Nf3 e6 6. P@e4 
Nxc3 7. bxc3 P@b4 8. cxb4 Bxb4+ 9. Bd2 P@c3 10. Bg5 f6 11. Be3 Nxd4 
12. Nxd4 P@d2+ 13. Ke2 O-O 14. f3 c5 15. Nb3 N@d4+ 16. Kf2 f5 17. exf5 
exf5 18. Bc4+ P@e6 19. N@f4 Nxb3 20. axb3 N@e5 21. Nxe6 Bxe6 22. Bxe6+ Kh8 
23. B@g5 Qe8 24. P@e7 Rg8 25. N@d6 Qh5 26. N@f7+ Nxf7 27. Nxf7+ Qxf7 28. Bxf7 
N@e5 29. Bxg8 Rxg8 30. Q@h5 B@g6 31. R@f8 N@e6 32. Rxg8+ Kxg8 33. R@d8+ N@e8 
34. Rxe8+ Bxe8 35. Qxe8+ R@f8 36. exf8=Q+ Nxf8 37. R@h8+ Kxh8 38. Qxf8+ R@g8 39. P@e7 
{LINDEGREN forfeits on time} 1-0

[Event "fics rated crazyhouse match"]
[Site "fics, Oklahoma City, OK USA"]
[Date "2000.09.17"]
[White "LINDEGREN"]
[WhiteElo "2348"]
[Black "Burgsvik"]
[BlackElo "2249"]
[TimeControl "120+0"]
[Result "1-0"]

1. e4 e6 2. Nc3 Nc6 3. d4 Bb4 4. Nf3 d6 5. Bd3 Qe7 6. O-O 
Nf6 7. Be3 Bxc3 8. bxc3 Ng4 9. B@h4 f6 10. Qe2 Nxe3 11. fxe3 B@h6 
12. N@g4 Rg8 13. e5 dxe5 14. dxe5 Bxe3+ 15. Qxe3 N@f5 16. Bxf5 exf5 17. Bxf6 
gxf6 18. Nxf6+ Kf8 19. Nxg8 Kxg8 20. N@h6+ Kg7 21. R@g8# 
{Burgsvik checkmated} 1-0

[Event "fics rated crazyhouse match"]
[Site "fics, Oklahoma City, OK USA"]
[Date "2000.09.17"]
[White "Burgsvik"]
[WhiteElo "2243"]
[Black "LINDEGREN"]
[BlackElo "2354"]
[TimeControl "120+0"]
[Result "0-1"]

1. e4 Nf6 2. Nc3 Nc6 3. d4 d5 4. e5 Ne4 5. Bd3 Nxc3 6. bxc3 
e6 7. Nf3 N@e4 8. N@g5 Nxc3 9. Nxf7 Kxf7 10. Ng5+ Ke8 11. P@f7+ Kd7 
12. Qd2 N@h4 13. Qxc3 Nxg2+ 14. Kd1 Bb4 15. Qxb4 Nxb4 16. N@c5+ Ke7 17. Ba3 
Nxd3 18. Nxd3+ P@d6 19. exd6+ cxd6 20. B@e2 B@c3 21. Bxd6+ Qxd6 22. N@g8+ Kd7 
23. P@d2 Bxd2 24. Nc5+ Qxc5 25. dxc5 N@b2+ 26. Kxd2 P@c3+ 27. Kc1 Nd3+ 28. Bxd3 
P@d2+ 29. Kd1 P@e2+ 30. Kxe2 B@g4+ 31. f3 Bxf3# 
{Burgsvik forfeits on time} 0-1

[Event "fics rated crazyhouse match"]
[Site "fics, Oklahoma City, OK USA"]
[Date "2000.09.17"]
[White "LINDEGREN"]
[WhiteElo "2360"]
[Black "Burgsvik"]
[BlackElo "2237"]
[TimeControl "120+0"]
[Result "1-0"]

1. e4 e6 2. Nc3 Nf6 3. e5 Nd5 4. Nxd5 exd5 5. Nf3 d6 6. Bb5+ 
Bd7 7. Bxd7+ Qxd7 8. d4 Nc6 9. B@a4 B@a6 10. Bxc6 bxc6 11. N@d3 B@e4 
12. O-O Baxd3 13. cxd3 Bxf3 14. Qxf3 N@h4 15. Qd1 N@h3+ 16. Kh1 Nxg2 17. B@g4 
Nh4 18. Bxd7+ Kxd7 19. B@g4+ B@e6 20. Bxe6+ fxe6 21. B@f3 N@f4 22. Bxf4 Nxf4 
23. exd6 Nxf3 24. Qxf3 P@g2+ 25. Qxg2 Nxg2 26. N@e5+ Kc8 27. Q@d7+ Kb7 28. Qxc6# 
{Burgsvik resigns} 1-0

[Event "fics rated crazyhouse match"]
[Site "fics, Oklahoma City, OK USA"]
[Date "2000.09.17"]
[White "Burgsvik"]
[WhiteElo "2232"]
[Black "LINDEGREN"]
[BlackElo "2365"]
[TimeControl "120+0"]
[Result "1-0"]

1. e4 Nf6 2. Nc3 Nc6 3. d4 d5 4. exd5 Nxd5 5. P@e4 Nxc3 6. bxc3 
e6 7. Bb5 P@b4 8. Bxc6+ bxc6 9. N@e5 B@b5 10. Nxf7 Kxf7 11. N@e5+ Ke7 
12. c4 N@c3 13. Bg5+ N@f6 14. cxb5 Nxd1 15. Nxc6+ Ke8 16. P@f7+ Kd7 17. Rxd1 
Bd6 18. N@e5+ Bxe5 19. dxe5+ N@d6 20. exf6 gxf6 21. N@c5# 
{LINDEGREN checkmated} 1-0

[Event "fics rated crazyhouse match"]
[Site "fics, Oklahoma City, OK USA"]
[Date "2000.09.17"]
[White "LINDEGREN"]
[WhiteElo "2354"]
[Black "Burgsvik"]
[BlackElo "2243"]
[TimeControl "120+0"]
[Result "1-0"]

1. e4 e6 2. Nc3 Nc6 3. d4 Bb4 4. Nf3 Nf6 5. Bd3 d5 6. exd5 
Nxd5 7. Bd2 Bxc3 8. bxc3 N@b2 9. Qe2 Nxd3+ 10. Qxd3 B@g6 11. P@e4 P@c4 
12. Qe2 Nf6 13. N@g3 e5 14. d5 Nxd5 15. exd5 Qxd5 16. N@f4 Qc5 17. Nxg6 
hxg6 18. B@d4 Qe7 19. Nxe5 P@d3 20. Nxc6 dxe2 21. Nxe7 P@b2 22. Rb1 Q@d1+ 
23. Rxd1 exd1=Q+ 24. Kxd1 R@a1+ 25. Ke2 N@c1+ 26. Kf3 Bd7 27. Nd5 O-O-O 28. Q@a8# 
{Burgsvik checkmated} 1-0

[Event "fics rated crazyhouse match"]
[Site "fics, Oklahoma City, OK USA"]
[Date "2000.09.17"]
[White "Burgsvik"]
[WhiteElo "2237"]
[Black "LINDEGREN"]
[BlackElo "2360"]
[TimeControl "120+0"]
[Result "1-0"]

1. e4 Nf6 2. Nc3 e6 3. d4 Bb4 4. Bd3 d5 5. e5 Ne4 6. Bxe4 
dxe4 7. a3 Bxc3+ 8. bxc3 B@g6 9. B@b4 Nc6 10. Nh3 Nxb4 11. axb4 B@d3 
12. cxd3 exd3 13. B@c5 N@c2+ 14. Qxc2 dxc2 15. O-O Bd3 16. Re1 P@e2 17. Bg5 
Qd5 18. N@f4 Qe4 19. N@d2 Qf5 20. N@g3 Qg4 21. Nxd3 h5 22. B@f3 Qxh3 
23. gxh3 Q@d7 24. Rxe2 h4 25. P@e7 N@d6 26. Q@d8# 
{LINDEGREN resigns} 1-0

[Event "fics rated crazyhouse match"]
[Site "fics, Oklahoma City, OK USA"]
[Date "2000.09.17"]
[White "LINDEGREN"]
[WhiteElo "2349"]
[Black "Burgsvik"]
[BlackElo "2248"]
[TimeControl "120+0"]
[Result "0-1"]

1. e4 e6 2. Nc3 Nc6 3. d4 Bb4 4. Nf3 Nf6 5. Bd3 d5 6. exd5 
exd5 7. Qe2+ P@e4 8. Bb5 Qe7 9. Bxc6+ bxc6 10. Ne5 B@a6 11. P@d3 exd3 
12. cxd3 Bxc3+ 13. bxc3 Bxd3 14. Qxd3 P@c4 15. Qd2 N@d3+ 16. Kd1 Ne4 17. Qe3 
Ndxf2+ 18. Ke2 P@d3+ 19. Ke1 Nxh1 20. B@g1 R@e2+ 21. Qxe2 dxe2 22. N@e3 P@c2 
23. Bd2 Q@b1+ 24. R@c1 Qxa1 25. Rxa1 R@d1+ 26. Nxd1 exd1=Q+ 27. Rxd1 cxd1=Q+ 28. Kxd1 
Nhf2+ 29. Ke2 Nxd2 30. Bxf2 B@d3+ 31. Kxd2 R@e2+ 32. Kd1 N@b2+ 33. Kc1 Rxf2 
34. B@e3 Rc2+ 35. Kb1 Re2+ 36. P@c2 Bxc2+ 37. Kxb2 Bd3+ 38. P@d2 B@a3+ 39. Ka1 
P@b2# 
{LINDEGREN checkmated} 0-1

[Event "fics rated crazyhouse match"]
[Site "fics, Oklahoma City, OK USA"]
[Date "2000.09.17"]
[White "Burgsvik"]
[WhiteElo "2258"]
[Black "LINDEGREN"]
[BlackElo "2339"]
[TimeControl "120+0"]
[Result "1-0"]

1. e4 Nf6 2. Nc3 Nc6 3. d4 d5 4. exd5 Nxd5 5. Nf3 e6 6. Bb5 
Bb4 7. Bd2 P@a3 8. Nxd5 Bxd2+ 9. Qxd2 axb2 10. Bxc6+ bxc6 11. Nxc7+ Qxc7 
12. Rd1 B@c1 13. Qb4 B@a5 14. N@d6+ Kd8 15. P@e7+ Qxe7 16. Qxa5+ P@b6 17. Qe5 
P@d2+ 18. Kf1 N@c3 19. B@g5 f6 20. N@f7+ Kd7 21. B@d8 fxe5 22. N3xe5# 
{LINDEGREN checkmated} 1-0

[Event "fics rated crazyhouse match"]
[Site "fics, Oklahoma City, OK USA"]
[Date "2000.09.17"]
[White "LINDEGREN"]
[WhiteElo "2329"]
[Black "Burgsvik"]
[BlackElo "2268"]
[TimeControl "120+0"]
[Result "1-0"]

1. e4 e6 2. Nc3 Nc6 3. d4 Bb4 4. Nf3 d6 5. Bb5 a6 6. Bxc6+ 
bxc6 7. O-O B@g4 8. h3 Bxf3 9. Qxf3 Bxc3 10. bxc3 Ne7 11. N@h5 Rg8 
12. B@f6 Kd7 13. Bxg7 Rxg7 14. Nf6# 
{Burgsvik checkmated} 1-0

[Event "fics rated crazyhouse match"]
[Site "fics, Oklahoma City, OK USA"]
[Date "2000.09.17"]
[White "Burgsvik"]
[WhiteElo "2261"]
[Black "LINDEGREN"]
[BlackElo "2336"]
[TimeControl "120+0"]
[Result "0-1"]

1. e4 e6 2. d4 Nf6 3. Nc3 Bb4 4. Bd3 Nc6 5. Nf3 d5 6. e5 
Ne4 7. Bd2 Nxd2 8. Qxd2 Bxc3 9. bxc3 B@h5 10. B@a3 N@e4 11. Bxe4 dxe4 
12. Ng5 B@h6 13. h4 Nxe5 14. dxe5 Qxd2+ 15. Kxd2 Bxg5+ 16. hxg5 N@c4+ 17. Ke1 
Q@e2# 
{Burgsvik checkmated} 0-1

[Event "fics rated crazyhouse match"]
[Site "fics, Oklahoma City, OK USA"]
[Date "2000.09.17"]
[White "LINDEGREN"]
[WhiteElo "2342"]
[Black "Burgsvik"]
[BlackElo "2255"]
[TimeControl "120+0"]
[Result "0-1"]

1. e4 e6 2. Nf3 Nc6 3. d4 Nf6 4. Bd3 d5 5. e5 Ne4 6. O-O 
Be7 7. c3 Ng5 8. Ne1 Bd7 9. Nd2 f6 10. f4 Nf7 11. Qe2 f5 
12. Ndf3 Bh4 13. Nxh4 Qxh4 14. Nf3 Qh5 15. Be3 N@g4 16. B@g3 Nxe3 17. Qxe3 
B@e4 18. b4 Bxd3 19. Qxd3 B@c5 20. dxc5 Ne7 21. Nd4 Ng6 22. B@f3 Qh6 
23. N@b5 O-O 24. Nxc7 Nxf4 25. Bxf4 Qxf4 26. B@g3 B@e3+ 27. P@f2 Qxg3 28. hxg3 
Bxd4 29. cxd4 P@e4 30. Bxe4 dxe4 31. Qd1 B@f3 32. gxf3 exf3 33. P@g6 hxg6 
34. N@e7+ Kh7 35. Nxg6 P@g2 36. Nxf8+ Rxf8 37. Q@h5+ N@h6 38. P@g6+ Kh8 39. R@h7+ 
Kg8 40. gxf7+ Rxf7 41. Rxh6 gxf1=Q+ 42. Qxf1 P@h2+ 43. Kxh2 N@g4+ 44. Qxg4 R@g2+ 
45. Qxg2 fxg2 
{LINDEGREN forfeits on time} 0-1

[Event "fics rated crazyhouse match"]
[Site "fics, Oklahoma City, OK USA"]
[Date "2000.09.17"]
[White "Burgsvik"]
[WhiteElo "2265"]
[Black "LINDEGREN"]
[BlackElo "2332"]
[TimeControl "120+0"]
[Result "1-0"]

1. e4 Nf6 2. Nc3 Nc6 3. d4 e6 4. Bg5 Be7 5. Bxf6 Bxf6 6. e5 
Bg5 7. Ne4 d5 8. Nxg5 Qxg5 9. Nf3 Qe7 10. B@c5 B@b4+ 11. c3 Bxc5 
12. dxc5 Qxc5 13. B@a3 P@b4 14. N@d3 bxa3 15. Nxc5 axb2 16. Rb1 B@b6 17. Nd3 
P@e4 18. Rxb2 exf3 19. gxf3 N@c4 20. Re2 N6xe5 21. Bg2 Nxd3+ 22. Qxd3 P@d2+ 
23. Rxd2 Nxd2 24. Qxd2 N@c4 25. P@f6 gxf6 26. P@g7 Rg8 27. Q@f8+ Rxf8 28. gxf8=Q+ 
Kxf8 29. R@h8+ B@g8 30. Rxg8+ Kxg8 31. N@e7+ Kf8 32. P@g7+ Kxe7 33. g8=N+ Kf8 
34. B@h6+ P@g7 35. Bxg7+ Kxg8 36. N@e7+ Kxg7 37. Rg1 Nxd2 38. Bf1+ B@g5 39. Rxg5+ 
fxg5 40. P@h6+ Kxh6 41. B@f8+ Kh5 42. Be2 R@g1+ 43. Kxd2 N@b1+ 44. Kc2 
{LINDEGREN forfeits on time} 1-0

[Event "fics rated crazyhouse match"]
[Site "fics, Oklahoma City, OK USA"]
[Date "2000.09.17"]
[White "LINDEGREN"]
[WhiteElo "2322"]
[Black "Burgsvik"]
[BlackElo "2275"]
[TimeControl "120+0"]
[Result "1-0"]

1. e4 e6 2. Nc3 Bb4 3. d4 Nf6 4. Bd3 d5 5. exd5 Nxd5 6. Bd2 
P@a3 7. Nxd5 Bxd2+ 8. Qxd2 axb2 9. Rd1 exd5 10. Qe3+ P@e4 11. Bxe4 dxe4 
12. Qxe4+ Be6 13. N@h5 B@c3+ 14. P@d2 Bxd2+ 15. Kxd2 Qg5+ 16. Nf4 B@c1+ 17. Rxc1 
bxc1=Q+ 18. Kxc1 R@a1+ 19. B@b1 N@c3 20. Kb2 Rxb1+ 21. Kxc3 P@b4+ 22. Kd2 B@c3+ 
23. Ke3 Re1+ 24. P@e2 O-O 25. h4 Qf6 26. B@e5 Qf5 27. N@e7+ Kh8 28. Bxg7+ 
Kxg7 29. Nxf5+ Bxf5 30. P@h6# 
{Burgsvik resigns} 1-0

[Event "fics rated crazyhouse match"]
[Site "fics, Oklahoma City, OK USA"]
[Date "2000.09.17"]
[White "Burgsvik"]
[WhiteElo "2268"]
[Black "LINDEGREN"]
[BlackElo "2329"]
[TimeControl "120+0"]
[Result "1-0"]

1. e4 Nf6 2. Nc3 e6 3. e5 Nd5 4. Nxd5 exd5 5. d4 d6 6. Nf3 
Nc6 7. Be2 Be7 8. exd6 cxd6 9. P@h6 Rg8 10. hxg7 P@e4 11. Ng5 Bxg5 
12. Bxg5 Qxg5 13. N@c7+ Kd8 14. Nxa8 Qxg2 15. R@f8+ B@e8 16. P@c7+ Kd7 17. Bg4+ 
P@e6 18. Kd2 N@c4+ 19. Kc1 Nxb2 20. Rxf7+ Bxf7 21. Bxe6# 
{LINDEGREN forfeits on time} 1-0

[Event "fics rated crazyhouse match"]
[Site "fics, Oklahoma City, OK USA"]
[Date "2000.09.17"]
[White "LINDEGREN"]
[WhiteElo "2320"]
[Black "Burgsvik"]
[BlackElo "2277"]
[TimeControl "120+0"]
[Result "1-0"]

1. e4 e6 2. d4 Nc6 3. Nf3 Nf6 4. Bd3 d5 5. exd5 exd5 6. Qe2+ 
P@e4 7. Bb5 Bd7 8. Bxc6 Bxc6 9. Ne5 Bb4+ 10. Nc3 Bxc3+ 11. bxc3 B@a6 
12. P@d3 exd3 13. cxd3 P@e4 14. P@c2 exd3 15. cxd3 P@e4 16. N@f5 Rg8 17. P@e7 
Qc8 18. B@h3 N@e6 19. O-O exd3 20. Nxd3 Bxd3 21. Qxd3 Nf4 22. Bxf4 P@d6 
23. B@h4 N@e4 24. Bxf6 Nxf6 25. Nxd6+ cxd6 26. Bxc8 Rxc8 27. N@f5 B@b8 28. N@h5 
Nxh5 29. Bxd6 B@e4 30. Qh3 N@e2+ 31. Kh1 Nhf4 32. Bxf4 Bxg2+ 33. Qxg2 Nxf4 
34. N@d6+ Kd7 35. Nxc8 Rxc8 36. R@d8+ Rxd8 37. exd8=Q+ Kxd8 38. Q@e7# 
{Burgsvik forfeits on time} 1-0

[Event "fics rated crazyhouse match"]
[Site "fics, Oklahoma City, OK USA"]
[Date "2000.09.17"]
[White "LSS"]
[WhiteElo "2424"]
[Black "LINDEGREN"]
[BlackElo "2327"]
[TimeControl "120+0"]
[Result "1-0"]

1. e4 Nf6 2. Nc3 Nc6 3. Nf3 e6 4. Be2 d5 5. e5 Ng4 6. d4 
Bb4 7. O-O Bxc3 8. bxc3 N@e4 9. B@e1 O-O 10. h3 Ngxf2 11. Bxf2 Nxf2 
12. Rxf2 P@e4 13. Ng5 B@h4 14. Nxh7 Bxf2+ 15. Kxf2 Qh4+ 16. P@g3 Qxh7 17. N@g5 
Qf5+ 18. Bf4 R@h6 19. B@g4 Qg6 20. Bh5 e3+ 21. Bxe3 N@e4+ 22. Nxe4 Qxe4 
23. Bef3 Qxe3+ 24. Kxe3 N@f5+ 25. Kf2 B@e3+ 26. Ke2 Bxd4 27. N@g4 Bxc3 28. Nxh6+ 
Nxh6 29. N@g5 P@h7 30. Qd3 N@d4+ 31. Kf1 Nxe5 32. Qxh7# 
{LINDEGREN checkmated} 1-0

[Event "fics rated crazyhouse match"]
[Site "fics, Oklahoma City, OK USA"]
[Date "2000.09.18"]
[White "LINDEGREN"]
[WhiteElo "2321"]
[Black "Tecumseh"]
[BlackElo "2302"]
[TimeControl "180+0"]
[Result "1-0"]

1. e4 Nc6 2. Nc3 Nf6 3. d4 e5 4. dxe5 Nxe5 5. Nf3 Nxf3+ 6. gxf3 
Bb4 7. N@f5 Rg8 8. Bd2 P@g6 9. Ne3 d6 10. Ncd5 Bxd2+ 11. Qxd2 N@h4 
12. P@g2 B@h3 13. Nxf6+ Qxf6 14. B@c3 Qe7 15. N@d5 Qd8 16. Bxg7 Rxg7 17. P@e7 
Qd7 18. Nf6+ Kxe7 19. Nxd7 Bcxd7 20. Nd5+ Kf8 21. Q@e7+ Kg8 22. Qxh4 g5 
23. Qhxg5 P@g6 24. P@f6 B@e5 25. Qxe5 dxe5 26. N@h6+ Kf8 27. B@e7+ Ke8 28. fxg7 
Bde6 29. g8=Q+ Kd7 30. Bb5+ c6 31. R@c7# 
{Tecumseh checkmated} 1-0

[Event "fics rated crazyhouse match"]
[Site "fics, Oklahoma City, OK USA"]
[Date "2000.09.18"]
[White "PJK"]
[WhiteElo "2228"]
[Black "LINDEGREN"]
[BlackElo "2354"]
[TimeControl "120+0"]
[Result "0-1"]

1. Nf3 Nf6 2. Nc3 e6 3. d4 d5 4. Bg5 Nc6 5. e4 Be7 6. exd5 
Nxd5 7. Bxe7 Qxe7 8. Nxd5 exd5+ 9. P@e5 B@a5+ 10. B@c3 Bxc3+ 11. bxc3 N@e4 
12. B@d2 B@b2 13. Bb5 Bxc3 14. Bxc3 Nxc3 15. Bxc6+ bxc6 16. B@h4 f6 17. O-O 
Nxd1 18. exf6 gxf6 19. Raxd1 P@e2 20. Rfe1 exd1=Q 21. P@f7+ Kd8 22. Rxd1 P@e2 
23. Rb1 R@f1+ 24. Rxf1 exf1=Q+ 25. Kxf1 P@e2# 
{PJK resigns} 0-1

[Event "fics rated crazyhouse match"]
[Site "fics, Oklahoma City, OK USA"]
[Date "2000.09.18"]
[White "LSS"]
[WhiteElo "2392"]
[Black "Krastapov"]
[BlackElo "2129"]
[TimeControl "180+0"]
[Result "0-1"]

1. e4 e6 2. d4 d6 3. c4 Nf6 4. Nc3 Be7 5. Bd3 Nc6 6. Nge2 
Bd7 7. O-O Nb4 8. Bb1 O-O 9. a3 Nc6 10. Bc2 e5 11. d5 Nd4 
12. Nxd4 exd4 13. Qxd4 Ng4 14. P@f3 Bf6 15. Qd1 Ne5 16. Bb3 N@d3 17. Re1 
Nxe1 18. Qxe1 R@g6 19. N@f4 Nxf3+ 20. Kf1 Nxe1 21. Kxe1 Q@h1+ 22. N@f1 Bxc3+ 
23. bxc3 Re8 24. B@d3 Rxg2 25. Nxg2 N@f3+ 26. Ke2 Qxg2 27. R@g3 Ng1+ 28. Kd2 
N@f3+ 29. Kc2 Ne1+ 30. Kd1 Bg4+ 31. N@e2 Qxg3 32. hxg3 Nxd3 33. Q@d2 Nxc1 
34. Kxc1 Nxe2+ 35. Kb2 N@c5 36. Ne3 Nxc3 37. Qxc3 B@e5 38. N@d4 Bxd4 39. Qxd4 
B@e5 40. Qxe5 Rxe5 41. B@c2 Q@d4+ 42. B@c3 N@a4+ 43. Bxa4 R@b6+ 44. N@b4 Nxa4+ 
45. Bxa4 Qxc3+ 46. Kxc3 P@d4+ 47. Kxd4 B@c5+ 48. Kc3 B@d4+ 49. Kd3 Bxa1 50. Nxg4 
R@c3+ 51. Ke2 Qg5 52. N@h6+ gxh6 53. N@f6+ Kh8 54. B@f4 Rxe4+ 55. P@e3 N@d4+ 
56. Kf1 P@e2+ 57. Kg2 Rxf4 58. gxf4 Qxg4+ 59. Nxg4 Rg8 60. R@f6 B@g7 61. Kh3 
N@g5+ 62. fxg5 Bxf6 63. Kh2 Rg7 64. Kh3 Rg8 65. Nxf6 Rf8 66. Kh2 Rg8 
{LSS forfeits on time} 0-1